 Dungeon Crawl Stone Soup version 0.31-a0-204-g7da18cac08 (webtiles) character file.

Game seed: 1192150218149940885

242 dialectric the Trooper (level 5, 0/42 HPs)
             Began as a Demonspawn Fighter on June 27, 2023.
             Succumbed to a kobold's poison
             ... on level 3 of the Dungeon.
             The game lasted 00:03:14 (1917 turns).

dialectric the Trooper (Demonspawn Fighter)         Turns: 1917, Time: 00:03:15

Health: 0/42       AC:  4    Str: 17    XL:     5   Next: 81%
Magic:  5/5        EV: 10    Int: 13    God:
Gold:   76         SH:  0    Dex: 12    Spells: 4/4 levels left

rFire   . . .        a - +0 long sword
rCold   . . .        (no shield)
rNeg    . . .        b - +0 scale mail
rPois   .            (helmet restricted)
rElec   .            (no cloak)
rCorr   .            (no gloves)
SInv    .            (no boots)
Will    +....        (no amulet) Stlth
                     (no ring)
HPRegen 0.27/turn    (no ring)
MPRegen 0.09/turn

%: no passive effects
@: lethally poisoned (0 -> -4), enlightened, flying, hasted, very quick
A: antennae 1, demonic guardian 1, weakness stinger 1, clever 1, deformed body
a: no special abilities


You were on level 3 of the Dungeon.
You visited 1 branch of the dungeon, and saw 3 of its levels.

You collected 76 gold pieces.

Inventory:

Hand Weapons
 a - a +0 long sword (weapon)
 f - a +2 dagger of venom
Missiles
 k - 9 poisoned darts
Armour
 b - a +0 scale mail (worn)
 c - a +0 buckler
 e - a +0 helmet
Wands
 g - a wand of polymorph (5)
Scrolls
 h - a scroll of fear {unknown}
 j - a scroll of amnesia {unknown}
 m - a scroll of enchant armour {unknown}
 n - a scroll of noise {unknown}
 o - a scroll of immolation {unknown}
Potions
 d - 2 potions of might
 i - a potion of mutation


   Skills:
 + Level 3.9 Fighting
 + Level 3.6 Long Blades
 + Level 3.8 Armour
 * Level 1.7 Dodging
 - Level 2.7 Shields


You had 4 spell levels left.
You didn't know any spells.
Your spell library was empty.

Dungeon Overview and Level Annotations

Branches:
Dungeon (3/15)

Altars:


Innate Abilities, Weirdness & Mutations

You have a pair of small antennae on your head.
A weak demonic guardian rushes to your aid.
You have a small tail.
Your mind is acute. (Int +4, Str/Dex -1)
Armour fits poorly on your strangely shaped body.


Message History

You kill the kobold!
You feel extremely sick.
You are too injured to fight recklessly!
You are too injured to fight recklessly!
You are too injured to fight recklessly!
You are too injured to fight recklessly!
You are too injured to fight recklessly!
You are too injured to fight recklessly!
You are too injured to fight recklessly!
There is a lethal amount of poison in your body!
There is a lethal amount of poison in your body!
You are too injured to fight recklessly!
There is a lethal amount of poison in your body!
Unknown command.
There is a lethal amount of poison in your body!
There is a lethal amount of poison in your body!
It was a potion of mutation.
You feel extremely strange.
Your body twists and deforms.
You feel clever.
* * * LOW HITPOINT WARNING * * *
You feel very sick.
It was a potion of haste.
You feel yourself speed up.
* * * LOW HITPOINT WARNING * * *
You feel very sick.
It was a potion of enlightenment.
You feel very buoyant.
You fly up into the air.
* * * LOW HITPOINT WARNING * * *
You feel sick.
Unknown command.
* * * LOW HITPOINT WARNING * * *
You feel sick.
You see here a +2 dagger of venom.
f - a +2 dagger of venom
* * * LOW HITPOINT WARNING * * *
You feel sick.
* * * LOW HITPOINT WARNING * * *
You feel sick.
* * * LOW HITPOINT WARNING * * *
You feel sick.
You die...

.....).#
###.#.......
.......#
#.#.......
.......#
#..#......
#..#####
##........
#..#
#........
#..#
#....####
#..# #5...#
...# #..#.#
......#
#@.#.#
......#
#..#.#
......# ...#
........
#....
......#.♣
..###.
.........
..# .#
........ ..
# ...


You could see a friendly iron imp (summoned).

Vanquished Creatures
  Sigmund (D:2)
  Robin (D:2)
  An adder (D:2)
  A worm (D:2)
  A dart slug (D:1)
  An orc (D:3)
  4 bats
  3 endoplasms
  13 goblins
  9 hobgoblins
  6 kobolds
  5 quokkas
  7 ball pythons
  5 frilled lizards
  2 rats (D:1)
60 creatures vanquished.

Notes
Turn   | Place    | Note
-------+----------+-------------------------------------------
     0 | D:1      | dialectric the Demonspawn Fighter began the quest for the
                  | Orb.
     0 | D:1      | Reached XP level 1. HP: 18/18 MP: 1/1
   238 | D:1      | Discovered your monstrous ancestry.
   238 | D:1      | Gained mutation: You have a pair of small antennae on your
                  | head. [demonic ancestry]
   238 | D:1      | Reached XP level 2. HP: 23/24 MP: 2/2
   960 | D:2      | Reached XP level 3. HP: 25/29 MP: 3/3
  1193 | D:2      | Noticed Robin
  1256 | D:2      | Killed Robin
  1349 | D:2      | Gained mutation: You have a small tail. [demonic ancestry]
  1349 | D:2      | Reached XP level 4. HP: 36/36 MP: 4/4
  1364 | D:2      | Noticed Sigmund
  1375 | D:2      | Killed Sigmund
  1376 | D:2      | Reached skill level 1 in Dodging
  1376 | D:2      | Gained mutation: A weak demonic guardian rushes to your
                  | aid. [demonic ancestry]
  1376 | D:2      | Reached XP level 5. HP: 42/42 MP: 5/5
  1910 | D:3      | Gained mutation: Armour fits poorly on your strangely
                  | shaped body. [potion of mutation]
  1910 | D:3      | Gained mutation: Your mind is acute. (Int +4, Str/Dex -1)
                  | [potion of mutation]
  1916 | D:3      | HP: 1/42 [poisoned by a kobold]
  1917 | D:3      | Succumbed to a kobold's poison

Illustrated notes

Levels and vault maps discovered:
D:1:      co_arrival_square_in_a_square_in_a_square, layout_basic
D:2:      layout_basic, serial_glass, glass_columns_a, glass_columns_c,
          glass_columns_a, glass_columns_c, glass_columns_b, uniq_robin,
          uniq_sigmund
D:3:      layout_rooms, chequers_ecumenical_altar_simple, lemuel_flame_loot_1

Skill      XL: |  1  2  3  4 |
---------------+-------------+-----
Long Blades    | 2 3 |  3.6
Armour         | 3 |  3.8
Dodging        | 1 |  1.7
Fighting       | |  3.9
Shields        | |  2.7

Action                     |  1- 3 |  4- 6 || total
---------------------------+-------+-------++-------
  Melee: Long sword        |   170 |    43 ||   213
         Tailslap          |       |     7 ||     7
    Use: Scroll            |     1 |     1 ||     2
         Potion            |       |     4 ||     4
 Armour: Scale mail        |    96 |    29 ||   125
         Skin              |     4 |       ||     4
  Dodge: Dodged            |   111 |    22 ||   133

Table legend: (Time is in decaauts)
 A = Elapsed time spent in this place.
 B = Non-inter-level travel time spent in this place.
 C = Inter-level travel time spent in this place.
 D = Time resting spent in this place.
 E = Time spent auto-exploring this place.
 F = Levels seen in this place.
 G = Mean time per level.
                   A        B        C        D        E       F      G
               +--------+--------+--------+--------+--------+-----+--------+
         Total |   1975 |   1967 |      8 |     21 |   1423 |   3 |  658.3 |
       Dungeon |   1975 |   1967 |      8 |     21 |   1423 |   3 |  658.3 |
               +--------+--------+--------+--------+--------+-----+--------+

Top non-repeatable levels by time:
     D:1: 920 daAuts
     D:2: 844 daAuts
     D:3: 210 daAuts
